 Dungeon Crawl Stone Soup version 0.23.2-40-g277498a001 (webtiles) character file.

Game seed: 3333518254912991734

47 Ryumin the Cudgeler (level 3, -7/36 HPs)
             Began as a Troll Berserker on Aug 27, 2019.
             Was a Follower of Trog.
             Killed from afar by Natasha (10 damage)
             ... with a magic dart
             ... on level 2 of the Dungeon.
             The game lasted 00:10:14 (1202 turns).

Ryumin the Cudgeler (Troll Berserker)               Turns: 1202, Time: 00:10:15

Health: -7/36      AC:  6    Str: 25    XL:     3   Next: 48%
Magic:  2/2        EV: 10    Int:  4    God:    Trog [*.....]
Gold:   89         SH:  0    Dex:  9    Spells: 2/2 levels left

rFire    . . .     SeeInvis .   a - +0 mace
rCold    . . .     Gourm    +   (no shield)
rNeg     . . .     Faith    .   b - +0 animal skin
rPois    .         Spirit   .   (helmet restricted)
rElec    .         Reflect  .   (no cloak)
rCorr    .         Harm     .   (gloves unavailable)
MR       .....                  (boots unavailable)
Stlth    +.........             e - amulet of rage
HPRegen  0.52/turn              (no ring)
MPRegen  0.08/turn              (no ring)

@: starving
A: large, unfitting armour, claws 3, fast metabolism 3, gourmand, regeneration
1, shaggy fur 1, tough skin 3
a: Berserk, Renounce Religion, Evoke Berserk Rage


You were on level 2 of the Dungeon.
You worshipped Trog.
Trog was aware of your devotion.
You were starving.

You visited 1 branch of the dungeon, and saw 2 of its levels.

You collected 89 gold pieces.

Inventory:

Hand Weapons
 a - a +0 mace (weapon)
Armour
 b - a +0 animal skin (worn)
 i - a cursed +0 scale mail
Jewellery
 e - an amulet of rage (around neck)
Scrolls
 d - 3 scrolls of identify
 f - 3 scrolls of teleportation
Potions
 g - a potion of haste {unknown}
 h - 2 potions of curing
Comestibles
 c - 2 rations


   Skills:
 + Level 2.8 Fighting
 + Level 3.3 Maces & Flails
 + Level 2.9 Dodging


You had 2 spell levels left.
You didn't know any spells.
Your spell library was empty.

Dungeon Overview and Level Annotations

Branches:
Dungeon (2/15)

Altars:

Annotations:
D:2 Natasha


Innate Abilities, Weirdness & Mutations

You are too large for most types of armour.
You have claws for hands.
Your metabolism is lightning-fast.
You like to eat raw meat.
Your natural rate of healing is unusually fast.
You are covered in fur. (AC +1)
You have extremely tough skin. (AC +3)


Message History

You hit Natasha.
Natasha is moderately wounded.
Natasha closely misses you. The white imp hits you. The white imp freezes you.
You thump Natasha!
Natasha is almost dead.
You are starving!
Natasha drinks a potion.
Natasha is healed!
The white imp gestures at you. The puff of frost hits you!
You closely miss Natasha.
Natasha is moderately wounded.
Natasha mumbles some strange words.
The white imp gestures at you. The puff of frost hits you. Natasha claws you!
The white imp gestures at you. The puff of frost hits you!
* * * LOW HITPOINT WARNING * * *
Natasha casts a spell at you. The magic dart hits you!
You die...

##.##.#.# #.......# ###.#
#.....#.##### #.......# #...#
#..####.....# #.......# #.#.#
...#...####.## #.......# #.#.#
####.#.##....######....(..###.###
.......)...(((...................
####.#.##.#.÷######.......#######
####.#.......÷5.###############..
..†..........5h.@...).......†....
###.........###.#...###########.#
# #[###.........#.#.# #### #.#
#...####.#.######.#.# #.. ..#
#...........<.......# #.#######
#...####.##.....#.#######........
#...# #.# #.#.##.#.).....######.
#...# #.# .#. #.#.#####.# #.
#...####.### #.#...# #.# #.


You could see Natasha, a white imp and a shadow imp.

Vanquished Creatures
  An adder (D:2)
  An ooze (D:1)
  A dart slug (D:2)
  2 giant cockroaches (D:2)
  4 goblins
  3 hobgoblins (D:1)
  A quokka (D:2)
  8 bats
  4 frilled lizards (D:2)
  3 kobolds
  5 rats
33 creatures vanquished.

Notes
Turn   | Place    | Note
-------+----------+-------------------------------------------
     0 | D:1      | Ryumin the Troll Berserker began the quest for the Orb.
     0 | D:1      | Reached XP level 1. HP: 22/22 MP: 0/0
   283 | D:1      | Reached XP level 2. HP: 28/29 MP: 1/1
   638 | D:2      | Reached skill level 3 in Maces & Flails
   786 | D:2      | Reached XP level 3. HP: 36/36 MP: 2/2
   902 | D:2      | Paralysed by fainting for 7 turns
  1025 | D:2      | Noticed Natasha
  1202 | D:2      | Killed from afar by Natasha

Skill      XL: |  1  2 |
---------------+-------+-----
Maces & Flails | 3 |  3.3
Fighting       | |  2.8
Dodging        | |  2.9

Action                   || total
-------------------------++-------
Melee: Mace              ||   112
  Use: Scroll            ||     6
       Potion            ||     1
  Eat: Chunk             ||     3
       Ration            ||     1
Armor: Animal skin       ||    82
Dodge: Dodged            ||    86
